 Dungeon Crawl Stone Soup version 0.16-a0-395-g6404e95 (console) character file.

5304 gw the Basher (level 10, -13/84 HPs)
             Began as a Deep Dwarf Gladiator on Sept 14, 2014.
             Killed by the air
             ... invoked by Gastronok
              (25 damage)
             ... on Level 9 of the Dungeon on Sept 15, 2014.
             The game lasted 00:07:50 (8097 turns).

gw the Basher (Deep Dwarf Gladiator)                Turns: 8097, Time: 00:07:50

HP -13/84        AC 17     Str 17 (20) XL: 10   Next: 37%
MP   0/0         EV  5     Int  8      God:
Gold 509         SH  0     Dex 16      Spells:  0 memorised,  9 levels left

rFire  . . .     SeeInvis .     a - +1 dire flail
rCold  . . .     Clarity  .     k - +0 plate armour
rNeg   . . .     rCorr    .     (no shield)
rPois  .         rRot     .     c - +1 helmet
rElec  .         Spirit   .     l - +0 cloak
SustAb .         Warding  .     o - +2 pair of gloves
rMut   .         Stasis   .     h - +0 pair of boots (curse)
Gourm  .                        (no amulet)
MR     +....                    (no ring)
                                (no ring)

@: non-regenerating, somewhat resistant to hostile enchantments, extremely
unstealthy
A: damage resistance, recharge devices, deformed body, frail 1, sense
surroundings 2, slow healing 3, placid magic 1
a: Device Recharging


You were on level 9 of the Dungeon.
You were not hungry.

You visited 2 branches of the dungeon, and saw 10 of its levels.

You collected 509 gold pieces.

Inventory:

Hand weapons
 a - a +1 dire flail (weapon)
Missiles
 d - 3 throwing nets
 n - 43 bolts
Armour
 c - a +1 helmet (worn)
 h - a cursed +0 pair of boots (worn)
 k - a +0 plate armour (worn)
 l - a +0 cloak (worn)
 o - a +2 pair of gloves (worn)
Magical devices
 e - a wand of heal wounds (0)
 r - a wand of flame (23)
 x - a wand of lightning (0)
Comestibles
 f - 12 bread rations
 j - 4 meat rations
 t - 3 beef jerkies
 u - 7 slices of pizza
 v - 2 rotting chunks of yak flesh
Scrolls
 b - 7 scrolls of identify
 g - a scroll of noise
 i - 4 scrolls of remove curse
 q - a scroll of fog
Potions
 m - a potion of mutation
 p - a potion of restore abilities
 s - 2 potions of curing


   Skills:
 + Level 7.4 Fighting
 * Level 11.3 Maces & Flails
 - Level 1.7 Throwing
 + Level 8.2 Armour
 - Level 3.2 Dodging


You had 9 spell levels left.
You didn't know any spells.

Dungeon Overview and Level Annotations

Branches:
Dungeon (9/15)             Temple (1/1) D:4
    Orc: D:9-12        Lair: D:8-11

Altars:
Ashenzari
Cheibriados
Dithmenos
Elyvilon
Fedhas
Gozag
Kikubaaqudgha
Makhleb
Nemelex Xobeh
Okawaru
Qazlal
Sif Muna
Trog
Vehumet
Xom
Yredelemnul
Zin
The Shining One

Annotations:
D:8 exclusion: downstairs
D:9 Gastronok


Innate Abilities, Weirdness & Mutations

You are resistant to damage.
You can recharge devices by infusing magical energy.
You passively map the area around you.
You do not heal naturally.
Armour fits poorly on your strangely shaped body.
You are frail (-10% HP).
Your spells are a little easier to cast, but a little less powerful.


Message History

Gastronok is heavily wounded.
ATTACK MOVE TO (1,1)
You hit Gastronok.
Gastronok is heavily wounded.
ATTACK MOVE TO (1,1)
You sock Gastronok!
Gastronok is severely wounded.
Gastronok barely misses you.
ATTACK MOVE TO (1,1)
You sock Gastronok!
Gastronok is severely wounded.
ATTACK MOVE TO (1,1)
You sock Gastronok!
Gastronok is severely wounded.
ATTACK MOVE TO (1,1)
You sock Gastronok!
Gastronok is almost dead.
Gastronok waves his eye-stalks in wide circles.
The air twists around and strikes you!
You die...

....#...............############.
....##..............#............
.....'..............#............
.....##########.....#............
..............#.....#............
..............##'####............
%...####...................\.....
....# ,#.........####............
....## ###'#...#g# #............
.....#.....#...#.w..#...........^
#....#.....#...#....#............
#....#.....#...#....# ....###+###
#....#.....+...#....+ ,... , ,
#....#.....#..##.$..#, ,.. ,
#....#.....#..#.....# ,, , ,
#....#.....#..#.....#,, , ,
#....# ,,..#.. ...,, ,,, ,


You could see Gastronok.

Table legend:
 A = Turns spent in this place as a percentage of turns spent in the entire game.
 B = Non-inter-level travel turns spent in this place as a percentage of non-inter-level travel turns spent in the entire game.
 C = Inter-level travel turns spent in this place as a percentage of turns spent in this place.
 D = Turns resting spent in this place as a percentage of non-inter-level travel turns spent in this place.
 E = Turns spent auto-exploring this place as a percentage of non-inter-level travel turns spent in this place.
 F = Non-inter-level travel turns spent in this place divided by the number of levels of this place that you've seen.
                   A       B       C       D       E      F
               +-------+-------+-------+-------+-------+----------------------
         Total | 100.0 | 100.0 |   2.1 |   0.1 |   9.5 | 412.3
       Dungeon |  98.6 |  98.6 |   2.1 |   0.1 |   9.3 | 451.7
        Temple |   1.4 |   1.4 |   1.7 |   0.0 |  19.0 |  58.0
               +-------+-------+-------+-------+-------+----------------------

Table legend:
 A = Kills in this place as a percentage of kills in entire the game.
 B = Kills by you in this place as a percentage of kills by you in the entire game.
 C = Kills by friends in this place as a percentage of kills by friends in the entire game.
 D = Other kills in this place as a percentage of other kills in the entire game.
 E = Experience gained in this place as a percentage of experience gained in the entire game.
 F = Experience gained in this place divided by the number of levels of this place that you have seen.
                   A       B       C       D       E      F
               +-------+-------+-------+-------+-------+----------------------
         Total | 100.0 | 100.0 |  -nan |  -nan | 100.0 | 757.8
       Dungeon | 100.0 | 100.0 |  -nan |  -nan | 100.0 | 842.0
               +-------+-------+-------+-------+-------+----------------------

Vanquished Creatures
  Pikel (D:8)
  A hill giant (D:7)
  The ghost of gw the Cudgeler, an experienced DDCK of Xom (D:5)
  Prince Ribbit (D:5)
  A water moccasin (D:8)
  3 yaks (D:9)
  A hog (D:7)
  A human (D:7)
  A hippogriff (D:7)
  A hill giant skeleton (D:9)
  A necrophage (D:6)
  3 slaves (D:8)
  A yellow wasp (D:8)
  3 sky beasts
  2 phantoms (D:7)
  4 ogres
  An ice beast (D:7)
  Sigmund (D:4)
  A big kobold (D:8)
  Blork the orc (D:8)
  2 scorpions
  2 jellies
  4 crimson imps
  4 wights (D:8)
  A goliath beetle (D:8)
  A centaur zombie (D:5)
  2 orc priests
  7 hounds
  Crazy Yiuf (D:3)
  A gnoll shaman (D:9)
  5 worker ants
  3 iguanas
  4 orc wizards
  3 sheep (D:7)
  A mummy (D:8)
  11 adders
  6 gnolls
  A gnoll skeleton (D:7)
  A shadow imp (D:8)
  3 worms
  2 orc skeletons
  3 giant geckos
  16 orcs
  10 bats
  7 giant cockroaches
  12 goblins
  11 hobgoblins
  5 jackals (D:1)
  14 kobolds
  3 quokkas
  A ball python (D:1)
  4 giant newts
  A hobgoblin zombie (D:5)
  2 orc zombies
  14 rats
  A rat zombie (D:5)
199 creatures vanquished.

Vanquished Creatures (others)
  A slave (D:8)
  A crimson imp (D:8)
2 creatures vanquished.

Grand Total: 201 creatures vanquished

Notes
Turn   | Place    | Note
--------------------------------------------------------------
     0 | D:1      | gw, the Deep Dwarf Gladiator, began the quest for the Orb.
     0 | D:1      | Reached XP level 1. HP: 19/19 MP: 1/1
   285 | D:1      | Reached XP level 2. HP: 21/26 MP: 2/2
   296 | D:1      | Reached skill level 1 in Armour
   652 | D:2      | Found a sparkling altar of Nemelex Xobeh.
   652 | D:2      | Found a glowing silver altar of Zin.
   675 | D:2      | Reached XP level 3. HP: 23/32 MP: 3/3
   828 | D:2      | Reached skill level 4 in Maces & Flails
  1417 | D:3      | Reached XP level 4. HP: 35/39 MP: 4/4
  1602 | D:3      | Noticed Crazy Yiuf
  1617 | D:3      | Killed Crazy Yiuf
  2311 | D:4      | Reached XP level 5. HP: 26/46 MP: 5/5
  2460 | D:4      | Reached skill level 5 in Maces & Flails
  2576 | D:4      | Noticed an ogre
  2588 | D:4      | Reached XP level 6. HP: 34/56 MP: 6/6
  2594 | D:4      | Killed an ogre
  2995 | D:4      | Found a staircase to the Ecumenical Temple.
  2995 | D:4      | Noticed Sigmund
  3005 | D:4      | Killed Sigmund
  3005 | D:4      | Reached skill level 6 in Maces & Flails
  3009 | Temple   | Entered the Ecumenical Temple
  3203 | D:5      | Entered Level 5 of the Dungeon
  3231 | D:5      | Noticed gw's ghost (experienced DDCK)
  3246 | D:5      | Killed gw's ghost
  3246 | D:5      | Reached skill level 7 in Maces & Flails
  3246 | D:5      | Reached XP level 7. HP: 38/64 MP: 6/6
  3247 | D:5      | Noticed Prince Ribbit
  3534 | D:5      | Killed Prince Ribbit
  3534 | D:5      | Reached XP level 8. HP: 39/73 MP: 6/6
  3881 | D:5      | Reached skill level 5 in Armour
  4176 | D:6      | Reached skill level 8 in Maces & Flails
  4279 | D:6      | Reached skill level 5 in Fighting
  4847 | D:6      | Gained mutation: Your spells are a little easier to cast, but a little less powerful. [potion of mutation]
  4847 | D:6      | Gained mutation: Armour fits poorly on your strangely shaped body. [potion of mutation]
  4847 | D:6      | Gained mutation: You are frail (-10% HP). [potion of mutation]
  5133 | D:7      | Reached skill level 9 in Maces & Flails
  5133 | D:7      | Gained mutation: You passively map the area around you. [level up]
  5133 | D:7      | Reached XP level 9. HP: 61/72 MP: 7/7
  5719 | D:7      | Noticed a hill giant
  5731 | D:7      | Killed a hill giant
  5964 | D:7      | Reached skill level 10 in Maces & Flails
  6145 | D:8      | Noticed Blork the orc
  6158 | D:8      | Killed Blork the orc
  6317 | D:8      | Noticed Pikel
  6340 | D:8      | Killed Pikel
  6425 | D:8      | Found a snail-covered altar of Cheibriados.
  6755 | D:8      | Paralysed by a yellow wasp for 2 turns
  6767 | D:8      | Reached XP level 10. HP: 50/82 MP: 1/1
  7310 | D:8      | Found a radiant altar of Vehumet.
  7310 | D:8      | Found an opulent altar of Gozag.
  7415 | D:8      | Found a shadowy altar of Dithmenos.
  7647 | D:9      | Reached skill level 11 in Maces & Flails
  8079 | D:9      | Noticed Gastronok
  8097 | D:9      | Killed from afar by Gastronok

Action                   |  1- 3 |  4- 6 |  7- 9 | 10-12 || total
-------------------------+-------+-------+-------+-------++-------
Melee: Flail             |   128 |    68 |       |       ||   196
       Morningstar       |       |   124 |   371 |       ||   495
       Dire flail        |       |       |    68 |   185 ||   253
 Abil: Device Recharging |       |     1 |     8 |     1 ||    10
Evoke: Wand              |     2 |     3 |    23 |    11 ||    39
  Use: Scroll            |     5 |     7 |    11 |       ||    23
       Potion            |     3 |     4 |     2 |     1 ||    10
 Stab: Invisible         |       |     1 |       |       ||     1
  Eat: Chunk             |     2 |     7 |    12 |     5 ||    26

Vault maps used:
D:1:      mrwooster_arrival_statue
D:2:      gammafunk_temple_overflow_wave, minmay_misc_feat_nine_boxes
D:3:      first_bread, minmay_misc_feat_room, uniq_crazy_yiuf_cottage
D:4:      minmay_temple_entry_fiery, uniq_sigmund
D:5:      uniq_prince_ribbit1
D:6:      kennysheep_nub
D:7:      grunt_livestock, grunt_decor_fettered
D:8:      minitemple, uniq_pikel, uniq_blork_the_orc
D:9:      serial_shops, kennysheep_mini, abandoned_shop, uniq_gastronok
Temple:   circular_temple_12
